 Dungeon Crawl Stone Soup version 0.18.1-6-gd335043 (webtiles) character file.

602 manyhoops the Covered (level 7, -3/56 HPs)
             Began as a Demonspawn Fighter on May 18, 2016.
             Slain by an ogre
             ... wielding a +0 giant club
              (10 damage)
             ... on level 4 of the Dungeon.
             The game lasted 00:07:26 (3521 turns).

manyhoops the Covered (Demonspawn Fighter)          Turns: 3521, Time: 00:07:27

Health: -3/56      AC:  7    Str: 18    XL:     7   Next: 18%
Magic:  0/7        EV:  9    Int:  9    God:
Gold:   207        SH:  0    Dex: 13    Spells: 0 memorised, 6 levels left

rFire  . . .     SeeInvis .     a - +0 war axe
rCold  + . .     Gourm    .     b - +0 scale mail
rNeg   . . .     Faith    .     (no shield)
rPois  .         Spirit   +     (no helmet)
rElec  .         Dismiss  .     (no cloak)
rCorr  .         Reflect  .     (no gloves)
SustAt .         Harm     .     n - +0 pair of boots
MR     .....                    (no amulet)
Stlth  ..........               (no ring)
                                c - ring of protection from cold

@: heavily drained, not resistant to hostile enchantments, extremely unstealthy
A: claws 1, magic shield
a: no special abilities


You were on level 4 of the Dungeon.
You were not hungry.

You visited 1 branch of the dungeon, and saw 4 of its levels.

You collected 207 gold pieces.

Inventory:

Hand Weapons
 a - a +0 war axe (weapon)
Armour
 b - a +0 scale mail (worn)
 n - a +0 pair of boots (worn)
Jewellery
 c - a ring of protection from cold (left claw)
Scrolls
 j - 2 scrolls of fear {unknown}
 k - 2 scrolls of remove curse
 l - a scroll of recharging {unknown}
 o - a scroll of teleportation
Potions
 e - 3 potions of heal wounds
 i - a potion of magic
 m - 3 potions of flight
Books
 p - a Fen Folio

   Spells                             Type                      Level
   a - Corpse Rot                     Necromancy                   2
   b - Stone Arrow                    Conjuration/Earth            3
   c - Leda's Liquefaction            Hexes/Earth                  4
   d - Summon Forest                  Summoning/Translocation      5
   e - Hydra Form                     Transmutation                6
   f - Summon Hydra                   Summoning                    7
Comestibles
 f - 3 bread rations
 g - a beef jerky
 h - a meat ration


   Skills:
 + Level 5.0(2.9) Fighting
 + Level 4.2(2.1) Axes
 + Level 5.2(3.1) Armour
   Level 2.6(0.6) Shields


You had 6 spell levels left.
You didn't know any spells.

Dungeon Overview and Level Annotations

Branches:
Dungeon (4/15)
 Temple: D:4-7

Altars:
Pakellas
Trog


Innate Abilities, Weirdness & Mutations

You have sharp fingernails.
When hurt, damage is shared between your health and your magic reserves.


Message History

The ogre hits you with a giant club!
You hit the ogre.
The ogre is heavily wounded.
The ogre hits you with a giant club!!
* * * LOW HITPOINT WARNING * * *
You barely miss the ogre.
The ogre is heavily wounded.
The ogre misses you.
Your scale mail prevents you from hitting the ogre.
The ogre is heavily wounded.
The ogre hits you with a giant club!
* * * LOW HITPOINT WARNING * * *
The ogre barely misses you.
You slash the ogre!
The ogre is severely wounded.
The ogre closely misses you.
You hit the ogre.
The ogre is almost dead.
The ogre hits you with a giant club!
You die...

#......#......#
#......#......#
#......#......#
#).....##'#####
#............#
.............#
...........#
(..........+
##+##..@...#
#..O<..#
+.(....#
#......#
#......#
########


You could see an ogre.

Vanquished Creatures
  Sigmund (D:2)
  2 orc wizards (D:3)
  2 orc priests (D:3)
  A giant frog skeleton (D:4)
  Ijyb (D:3)
  Jessica (D:3)
  Natasha (thrice) (D:2)
  A worker ant (D:4)
  Robin (D:3)
  A gnoll (D:1)
  2 adders
  An adder skeleton (D:4)
  2 worms (D:2)
  A dart slug (D:1)
  3 giant geckos
  8 orcs (D:3)
  A giant cockroach (D:1)
  17 goblins
  10 hobgoblins
  11 jackals
  6 kobolds
  A quokka (D:2)
  6 bats
  4 giant newts
  4 rats
91 creatures vanquished.

Notes
Turn   | Place    | Note
--------------------------------------------------------------
     0 | D:1      | manyhoops the Demonspawn Fighter began the quest for the Orb.
     0 | D:1      | Reached XP level 1. HP: 18/18 MP: 1/1
   117 | D:1      | Gained mutation: When hurt, damage is shared between your health and your magic reserves. [demonic ancestry]
   117 | D:1      | Reached XP level 2. HP: 21/24 MP: 2/2
   185 | D:1      | HP: 1/24 [bat (1)]
   614 | D:1      | Reached XP level 3. HP: 29/29 MP: 3/3
   958 | D:2      | Noticed Natasha
   962 | D:2      | Killed Natasha
  1001 | D:2      | Reached XP level 4. HP: 24/36 MP: 4/4
  1020 | D:2      | Noticed Sigmund
  1021 | D:2      | Noticed Natasha
  1049 | D:2      | Killed Natasha
  1157 | D:2      | Killed Sigmund
  1157 | D:2      | Reached XP level 5. HP: 13/43 MP: 2/5
  1157 | D:2      | Gained mutation: You have sharp fingernails. [demonic ancestry]
  1157 | D:2      | Reached XP level 6. HP: 14/49 MP: 2/6
  1195 | D:2      | Noticed Natasha
  1209 | D:2      | Killed Natasha
  1965 | D:3      | Noticed Ijyb
  1990 | D:3      | Killed Ijyb
  2011 | D:3      | Noticed Jessica
  2014 | D:3      | Killed Jessica
  2459 | D:3      | Noticed Robin
  2465 | D:3      | Reached skill level 5 in Armour
  2470 | D:3      | Killed Robin
  2827 | D:3      | Found a bloodstained altar of Trog.
  2977 | D:3      | Reached XP level 7. HP: 52/55 MP: 7/7
  3192 | D:4      | Reached skill level 5 in Fighting
  3426 | D:4      | Found an oddly glowing altar of Pakellas.
  3521 | D:4      | Slain by an ogre

Skill      XL: |  1  2  3  4  5  6  7 |
---------------+----------------------+-----
Armour         | 3 4 5 |  5.2
Axes           | 2 3 4 |  4.2
Fighting       | 4 5 |  5.0
Shields        | |  2.6

Action                   |  1- 3 |  4- 6 |  7- 9 || total
-------------------------+-------+-------+-------++-------
Melee: War axe           |    85 |   191 |    42 ||   318
  Use: Scroll            |       |     6 |     1 ||     7
       Potion            |       |     1 |     2 ||     3
  Eat: Chunk             |       |     7 |     2 ||     9
Armor: Scale mail        |    51 |   117 |    21 ||   189
Dodge: Dodged            |    59 |    86 |    28 ||   173
